 Dungeon Crawl Stone Soup version 0.18.1-8-gdd0e5ea (webtiles) character file.

150510 rockintein the Executioner (level 16, 0/152 HPs)
             Began as a Minotaur Berserker on June 5, 2016.
             Was an Elder of Trog.
             Slain by rockintein's illusion (25 damage)
             ... woven by Mara
             ... on level 4 of the Swamp.
             The game lasted 01:22:39 (35825 turns).

rockintein the Executioner (Minotaur Berserker)    Turns: 35825, Time: 01:22:40

Health: 0/152      AC: 30    Str: 30    XL:     16   Next: 99%
Magic:  15/15      EV:  9    Int:  3    God:    Trog [****..]
Gold:   2626       SH: 25    Dex: 15    Spells: 0 memorised, 15 levels left

rFire  + + .     SeeInvis .     a - +9 broad axe (elec)
rCold  . . .     Gourm    .     g - +1 plate armour {rF+}
rNeg   + . .     Faith    .     v - +6 large shield of Ignorance {rN+ AC+2 EV+2 Int-6 *Curse} (curse)
rPois  +         Spirit   .     O - +1 hat {MR+}
rElec  +         Dismiss  .     b - +2 cloak
rCorr  .         Reflect  .     r - +2 pair of gloves {Str+3}
SustAt .         Harm     .     i - +0 pair of boots
MR     ++++.                    (no amulet)
Stlth  ..........               B - ring "Ryvaj" {*Contam +Fly rElec rPois Dex+4 Stlth+}
                                F - ring "Zajixo" {rF+ Int+4}

@: exhausted, about to teleport, regenerating, slowed, very slow, incredibly
resistant to hostile enchantments, extremely unstealthy
A: retaliatory headbutt, horns 2
a: Berserk, Trog's Hand, Brothers in Arms, Burn Spellbooks, Renounce Religion,
Evoke Flight


You were on level 4 of the Swamp.
You worshipped Trog.
Trog was greatly pleased with you.
You were not hungry.

You visited 5 branches of the dungeon, and saw 30 of its levels.
You also visited: Trove, Ice Cave and Volcano.

You collected 3051 gold pieces.
You spent 425 gold pieces at shops.

Inventory:

Hand Weapons
 a - a +9 broad axe of electrocution (weapon)
 j - a +0 broad axe
Armour
 b - a +2 cloak (worn)
 g - a +1 plate armour of fire resistance (worn)
 i - a +0 pair of boots (worn)
 r - a +2 pair of gloves of strength (worn)
 v - the cursed +6 large shield of Ignorance (worn) {rN+ AC+2 EV+2 Int-6 *Curse}
   (You found it on level 7 of the Dungeon)

   It affects your AC (+2).
   It affects your evasion (+2).
   It affects your intelligence (-6).
   It protects you from negative energy.
   It may re-curse itself when equipped.
   It has a curse placed upon it.
 O - a +1 hat of magic resistance (worn)
Jewellery
 B - the ring "Ryvaj" (right hand) {*Contam +Fly rElec rPois Dex+4 Stlth+}
   (You found it in a treasure trove)

   [ring of dexterity]

   It affects your dexterity (+4).
   It insulates you from electricity.
   It protects you from poison.
   It lets you fly.
   It causes magical contamination when unequipped.
   It makes you more stealthy.
 F - the ring "Zajixo" (left hand) {rF+ Int+4}
   (You found it on level 15 of the Dungeon)

   [ring of protection from fire]

   It affects your intelligence (+4).
   It protects you from fire.
Wands
 h - a wand of teleportation (3/9)
 m - a wand of digging (23/24)
 u - a wand of polymorph (15/24)
 J - a wand of heal wounds (5/9)
Scrolls
 d - 9 scrolls of identify
 e - a scroll of silence
 f - 12 scrolls of teleportation
 n - a scroll of recharging
 q - a scroll of holy word
 t - a scroll of blinking
 C - 9 scrolls of magic mapping
 H - 9 scrolls of remove curse
 Q - a scroll of fear
Potions
 k - 4 potions of cancellation
 s - 3 potions of haste
 w - 5 potions of curing
 I - 8 potions of flight
 K - 8 potions of heal wounds
 L - 3 potions of might
 M - 3 potions of resistance
Books
 l - a book of the Sky

   Spells                             Type                      Level
   a - Summon Lightning Spire         Summoning/Air                4
   b - Airstrike                      Air                          4
   c - Silence                        Hexes/Air                    5
   d - Deflect Missiles               Charms/Air                   6
   e - Conjure Ball Lightning         Conjuration/Air              6
   f - Tornado                        Air                          9
   Trog disapproves of the use of such an item.
Comestibles
 c - 23 bread rations
 o - a slice of pizza
 p - 4 fruits


   Skills:
 + Level 16.7 Fighting
 * Level 23.5 Axes
 + Level 16.8 Armour
 - Level 2.1 Dodging
 + Level 10.3 Shields


You had 15 spell levels left.
You didn't know any spells.

Dungeon Overview and Level Annotations

Branches:
Dungeon (15/15)            Temple (1/1) D:4            Lair (8/8) D:9
  Swamp (4/4) Lair:5        Snake (0/4) Lair:5        Slime (0/6) Lair:8
    Orc (2/2) D:11            Elf (0/3) Orc:2        Vaults (0/5) D:13
 Depths (0/5) D:15

Altars:
Cheibriados
Dithmenos
Fedhas
Gozag
Kikubaaqudgha
Nemelex Xobeh
Okawaru
Pakellas
Qazlal
Ru
Sif Muna
Trog
Vehumet
Xom
Zin
The Shining One
Jiyva

Shops:
D:5 !   D:8 (   D:9 [   D:14 !   D:15 %   Orc:1 (   Orc:2 ?}*=

Annotations:
Lair:6 exclusion: oklob plant
Swamp:4 Mara


Innate Abilities, Weirdness & Mutations

You reflexively headbutt those who attack you in melee.
You have a pair of horns on your head.


Message History

The eight-headed hydra bites you. Rockintein's illusion hits you!!
* * * LOW HITPOINT WARNING * * *
The seven-headed hydra bites you but does no damage.
The seven-headed hydra bites you.
* * * LOW HITPOINT WARNING * * *
The seven-headed hydra bites you.
* * * LOW HITPOINT WARNING * * *
The seven-headed hydra bites you!
* * * LOW HITPOINT WARNING * * *
The seven-headed hydra bites you but does no damage.
The seven-headed hydra closely misses you.
The seven-headed hydra bites you.
* * * LOW HITPOINT WARNING * * *
The eight-headed hydra bites you but does no damage. x2
You block the eight-headed hydra's attack. x2
The eight-headed hydra barely misses you.
The eight-headed hydra closely misses you.
The eight-headed hydra bites you but does no damage. x2
Rockintein's illusion hits you!!
You die...

♣♣.§♣♣♣♣≈≈≈.≈≈≈≈.♣
♣♣≈≈≈.♣♣♣...♣...... .≈≈
♣≈...≈♣♣.≈..≈..♣♣♣≈≈≈..≈
....♣.≈≈≈≈≈♣♣♣♣♣♣♣ ≈≈.≈♣
≈≈♣≈♣≈♣♣≈§.§♣♣♣..♣♣.≈≈≈#
.≈♣♣≈≈≈♣♣.≈≈♣♣≈≈≈.♣.≈..##
.≈♣≈≈≈≈≈♣..♣♣≈≈≈≈≈≈R..≈.#
≈≈≈≈≈≈≈≈≈.♣....§≈D≈≈.≈♣
..♣≈≈≈≈≈♣♣♣.≈.♣@@RD.♣♣
..♣≈≈≈♣♣♣ ♣♣≈≈≈≈.D†.♣
§..♣♣♣♣ ♣§.R♣♣≈...♣ ≈.♣♣
♣♣≈.♣♣≈♣♣≈≈♣ .♣♣ ♣≈≈♣♣♣♣
♣≈§♣ ♣♣ ♣♣♣♣ ♣♣♣


You could see 3 Maras, an eight-headed hydra, a seven-headed hydra, a swamp
dragon and rockintein's illusion.

Vanquished Creatures
  Jorgrun (Swamp:4)
  Rupert (Lair:3)
  Gastronok (Lair:2)
  4 thorn hunters
  Donald (Swamp:2)
  A frost giant (IceCv)
  2 orc warlords
  The ghost of matakusis the Tainter, a journeyman DsVM of Sif Muna (Lair:5)
  Snorg (Lair:7)
  8 vault guards (D:13)
  A fire dragon (D:15)
  Fannar (Lair:2)
  Josephine (D:14)
  An ice dragon (D:15)
  3 catoblepae (Lair:8)
  10 hydras
  A ghost crab (Swamp:3)
  A death knight (D:14)
  2 centaur warriors
  Erica (D:8)
  4 alligators
  A tengu warrior (D:15)
  17 death yaks
  5 orc high priests (Orc:2)
  Urug (Lair:3)
  Sonja (D:14)
  A fire crab (Lair:3)
  7 swamp dragons
  A shambling mangrove (Swamp:1)
  Pikel (D:4)
  5 hill giants
  A wolf spider zombie (D:15)
  3 deep elf magi
  5 orc sorcerers
  9 ugly things
  6 orc knights (Orc:2)
  4 cyclopes
  Maurice (Orc:1)
  3 griffons
  An ice statue (IceCv)
  3 black mambas
  14 elephants
  2 gargoyles (D:12)
  20 spiny frogs
  3 rime drakes (Lair:6)
  2 freezing wraiths (D:14)
  A tengu conjurer (D:14)
  9 komodo dragons
  7 trolls
  8 giant leeches
  11 slime creatures
  A two-headed ogre (Volcano)
  21 polar bears
  17 blink frogs
  A bog body (Swamp:2)
  7 wraiths
  4 shadows
  6 spriggans
  2 fire bats (Volcano)
  A vampire (D:11)
  70 yaks
  10 hippogriffs
  2 wyverns
  4 basilisks
  5 wargs
  12 vampire mosquitoes
  3 hungry ghosts
  19 swamp worms
  2 nagas (Lair:5)
  11 insubstantial wisps
  A soldier ant (D:13)
  Duvessa (D:6)
  8 porcupines
  13 water moccasins
  38 orc warriors
  9 swamp drakes
  A black bear (D:4)
  7 sky beasts
  2 slaves (D:4)
  A necrophage (D:10)
  6 phantoms
  3 ice beasts
  8 wasps
  12 ogres
  13 centaurs
  18 wolves
  15 crocodiles
  3 big kobolds
  25 giant frogs
  Dowan (D:6)
  24 killer bees
  7 scorpions
  3 howler monkeys (D:8)
  3 electric eels
  4 crimson imps
  A quasit (D:6)
  3 centaur zombies
  3 giant frog skeletons
  3 giant frog zombies
  8 hounds
  A gnoll shaman (D:8)
  4 jellies
  30 orc priests
  23 orc wizards
  2 centaur skeletons
  18 iguanas
  8 worker ants
  20 sheep
  A hound zombie (D:8)
  A hound skeleton (D:5)
  5 gnolls
  15 adders
  79 river rats
  2 shadow imps
  An ooze (D:2)
  An adder zombie (D:9)
  3 adder skeletons
  4 worms
  A dart slug (D:1)
  5 giant geckos
  116 orcs
  6 bats
  6 giant cockroaches
  3 goblins
  7 hobgoblins
  7 jackals
  24 kobolds
  5 quokkas
  2 ball pythons
  4 giant newts
  A quokka skeleton (D:6)
  2 rats (D:3)
  8 briar patches (Swamp:1)
  A bush (Lair:6)
  8 fungi
  13 plants
1079 creatures vanquished.

Vanquished Creatures (others)
  A polar bear (IceCv)
  Sigmund (D:4)
  A hog (Volcano)
  3 wolves (IceCv)
  A centaur (Volcano)
  A briar patch (Swamp:1)
  A bush (Lair:8)
  7 fungi
  8 plants
24 creatures vanquished.

Grand Total: 1103 creatures vanquished

Notes
Turn   | Place    | Note
--------------------------------------------------------------
     0 | D:1      | rockintein the Minotaur Berserker began the quest for the Orb.
     0 | D:1      | Reached XP level 1. HP: 19/19 MP: 0/0
    33 | D:1      | Reached skill level 4 in Axes
   153 | D:1      | Reached XP level 2. HP: 26/26 MP: 1/1
   517 | D:1      | Reached skill level 5 in Axes
   517 | D:1      | Reached XP level 3. HP: 26/31 MP: 2/2
  1042 | D:2      | Found a faded altar to an unknown god.
  1484 | D:2      | Reached XP level 4. HP: 39/39 MP: 3/3
  1485 | D:2      | Reached ** piety under Trog
  1494 | D:2      | Reached skill level 6 in Axes
  2408 | D:3      | Reached XP level 5. HP: 42/45 MP: 4/4
  2410 | D:3      | Found a glowing silver altar of Zin.
  2547 | D:4      | Noticed a black bear
  2549 | D:4      | Reached skill level 7 in Axes
  2562 | D:4      | Killed a black bear
  2819 | D:4      | Found a staircase to the Ecumenical Temple.
  2823 | D:4      | Reached skill level 8 in Axes
  2855 | D:4      | Reached *** piety under Trog
  2863 | D:4      | Reached XP level 6. HP: 42/51 MP: 5/5
  2897 | D:4      | Noticed Sigmund
  2937 | D:4      | Noticed a slave
  2939 | D:4      | Noticed a slave
  2946 | D:4      | Noticed Pikel
  2946 | D:4      | Killed a slave
  2948 | D:4      | Noticed a slave
  2953 | D:4      | Killed a slave
  2956 | D:4      | Noticed a slave
  3442 | D:4      | Killed Pikel
  3442 | D:4      | Reached skill level 10 in Axes
  3442 | D:4      | Reached XP level 7. HP: 57/57 MP: 6/6
  3456 | D:4      | Killed Sigmund
  3683 | D:5      | Entered Level 5 of the Dungeon
  3686 | D:5      | Reached skill level 11 in Axes
  3744 | D:5      | Found an oddly glowing altar of Pakellas.
  3806 | D:5      | Reached XP level 8. HP: 66/66 MP: 7/7
  4061 | D:5      | Found a stormy altar of Qazlal.
  4064 | D:5      | Found a blossoming altar of Fedhas.
  4067 | D:5      | Found a sacrificial altar of Ru.
  4209 | D:5      | Found Limpewa's Distillery.
  4212 | D:5      | Bought a potion of curing for 33 gold pieces
  4212 | D:5      | Bought a potion of degeneration for 11 gold pieces
  4212 | D:5      | Bought a potion of berserk rage for 55 gold pieces
  4429 | D:6      | Reached skill level 5 in Fighting
  4498 | D:6      | Noticed Dowan
  4498 | D:6      | Noticed Duvessa
  4507 | D:6      | Reached skill level 12 in Axes
  4510 | D:6      | Killed Duvessa
  4510 | D:6      | Reached skill level 5 in Armour
  4512 | D:6      | Killed Dowan
  4892 | D:6      | Reached XP level 9. HP: 70/75 MP: 8/8
  5657 | D:7      | Reached skill level 13 in Axes
  6256 | D:7      | Found an opulent altar of Gozag.
  6720 | D:7      | Found a shimmering altar of Xom.
  7192 | D:8      | Noticed Erica
  7197 | D:8      | Reached **** piety under Trog
  7202 | D:8      | Reached XP level 10. HP: 88/88 MP: 9/9
  7204 | D:8      | Killed Erica
  7204 | D:8      | Reached skill level 14 in Axes
  7343 | D:8      | Found Vaifaobb's Antique Weapon Shoppe.
  7718 | D:9      | Found Caovui's Antique Armour Boutique.
  7823 | D:9      | Found a staircase to the Lair.
  7828 | D:9      | Found a sparkling altar of Nemelex Xobeh.
  8423 | D:10     | Entered Level 10 of the Dungeon
  8480 | D:10     | Reached skill level 15 in Axes
  8590 | D:10     | Noticed a hill giant
  8602 | D:10     | Killed a hill giant
  9079 | D:10     | Noticed a hill giant
  9084 | D:10     | Killed a hill giant
  9326 | D:10     | Reached XP level 11. HP: 97/97 MP: 10/10
  9674 | D:10     | Noticed a hill giant
  9689 | D:10     | Killed a hill giant
 10414 | D:11     | Reached skill level 10 in Fighting
 10461 | D:11     | Found a staircase to the Orcish Mines.
 10491 | D:11     | Reached skill level 16 in Axes
 10638 | D:11     | Reached ***** piety under Trog
 10774 | D:11     | Noticed a hill giant
 10783 | D:11     | Killed a hill giant
 11296 | D:11     | Noticed a five-headed hydra
 11302 | D:11     | Killed a five-headed hydra
 11302 | D:11     | Reached skill level 10 in Armour
 12073 | D:12     | Reached skill level 17 in Axes
 12670 | D:12     | Reached XP level 12. HP: 87/110 MP: 11/11
 12926 | Lair:1   | Entered Level 1 of the Lair of Beasts
 13899 | Lair:2   | Noticed Fannar
 13919 | Lair:2   | Killed Fannar
 13981 | Lair:2   | Received a gift from Trog
 13983 | Lair:2   | Noticed a six-headed hydra
 14006 | Lair:2   | Killed a six-headed hydra
 14091 | Lair:2   | Found a dark tunnel.
 14374 | Volcano  | Entered a volcano
 14975 | Lair:2   | Noticed an eight-headed hydra
 14976 | Lair:2   | Noticed a six-headed hydra
 14985 | Lair:2   | Killed an eight-headed hydra
 14985 | Lair:2   | Reached skill level 18 in Axes
 14989 | Lair:2   | Killed a six-headed hydra
 15131 | Lair:2   | Noticed Gastronok
 15143 | Lair:2   | Killed Gastronok
 15823 | Lair:3   | Received a gift from Trog
 15927 | Lair:3   | Noticed Rupert
 15945 | Lair:3   | Killed Rupert
 15945 | Lair:3   | Reached XP level 13. HP: 119/119 MP: 4/12
 16410 | Lair:3   | Noticed Urug
 16417 | Lair:3   | Killed Urug
 16618 | Lair:3   | Reached skill level 19 in Axes
 17617 | Lair:5   | Noticed matakusis's ghost (journeyman DsVM)
 18875 | Lair:5   | Found a staircase to the Swamp.
 19165 | Lair:5   | Killed matakusis's ghost
 19829 | Lair:5   | Found a staircase to the Snake Pit.
 20462 | Lair:6   | Received a gift from Trog
 21030 | Lair:6   | You fall through a shaft!
 21130 | Lair:7   | Noticed Snorg
 21149 | Lair:7   | Killed Snorg
 21149 | Lair:7   | Reached skill level 20 in Axes
 22226 | Lair:7   | Reached XP level 14. HP: 130/130 MP: 13/13
 22776 | Lair:8   | Entered Level 8 of the Lair of Beasts
 22783 | Lair:8   | Reached skill level 1 in Shields
 22846 | Lair:8   | Found a viscous altar of Jiyva.
 22846 | Lair:8   | Found a staircase to the Slime Pits.
 24077 | Lair:8   | Got a pitted spear
 24078 | Lair:8   | Identified the +3 spear "Xeofoh" {drain, Str+2} (You found it on level 8 of the Lair of Beasts)
 24492 | Lair:8   | Reached skill level 21 in Axes
 24524 | Lair:8   | Reached ****** piety under Trog
 24579 | Lair:8   | Received a gift from Trog
 24767 | Lair:8   | Reached skill level 5 in Shields
 25603 | Temple   | Entered the Ecumenical Temple
 25644 | Temple   | Identified a +3 rod of inaccuracy (12/12) (You found it on level 8 of the Lair of Beasts)
 25895 | D:13     | Received a gift from Trog
 26019 | D:13     | Found a frozen archway.
 26029 | IceCv    | Entered an ice cave
 26597 | IceCv    | Reached XP level 15. HP: 123/139 MP: 14/14
 26829 | IceCv    | Reached skill level 15 in Fighting
 27068 | IceCv    | Noticed a frost giant
 27087 | IceCv    | Killed a frost giant
 27092 | IceCv    | Reached skill level 15 in Armour
 27544 | D:13     | Received a gift from Trog
 27662 | D:13     | Found a gate to the Vaults.
 27687 | D:13     | Received a gift from Trog
 28328 | D:14     | Noticed Josephine
 28328 | D:14     | Noticed Sonja
 28329 | D:14     | Killed Sonja
 28338 | D:14     | Killed Josephine
 28473 | D:14     | Reached skill level 22 in Axes
 28529 | D:14     | Found Peniy's Distillery.
 28539 | D:14     | Bought a potion of heal wounds for 55 gold pieces
 28539 | D:14     | Bought a potion of curing for 33 gold pieces
 28539 | D:14     | Bought a potion of heal wounds for 55 gold pieces
 28539 | D:14     | Bought a potion of curing for 33 gold pieces
 28663 | D:15     | Entered Level 15 of the Dungeon
 28663 | D:15     | Found Ivian's Food Boutique.
 28828 | D:15     | Found a portal to a secret trove of treasure.
 28833 | Trove    | Entered a treasure trove
 28924 | Trove    | Got a glittering lapis lazuli ring
 28932 | Trove    | Identified the ring "Ryvaj" {*Contam +Fly rElec rPois Dex+4 Stlth+} (You found it in a treasure trove)
 29455 | D:15     | Found a staircase to the Depths.
 29582 | D:15     | Got a steaming glass ring
 30056 | Temple   | Identified the ring "Zajixo" {rF+ Int+4} (You found it on level 15 of the Dungeon)
 30321 | Orc:1    | Entered Level 1 of the Orcish Mines
 30343 | Orc:1    | Noticed an orc warlord
 30367 | Orc:1    | Killed an orc warlord
 30536 | Orc:2    | Entered Level 2 of the Orcish Mines
 30678 | Orc:2    | Reached * piety under Trog
 30778 | Orc:2    | Noticed an orc warlord
 30792 | Orc:2    | Killed an orc warlord
 30856 | Orc:2    | Found a staircase to the Elven Halls.
 30884 | Orc:2    | Reached XP level 16. HP: 139/151 MP: 15/15
 31659 | Orc:2    | Found Zimulel's Assorted Antiques.
 31668 | Orc:2    | Found Laguam's Gadget Shop.
 31669 | Orc:2    | Found Fueki's Jewellery Boutique.
 31670 | Orc:2    | Found Wutisch's Magic Scroll Boutique.
 31677 | Orc:2    | Bought a potion of heal wounds for 150 gold pieces
 31800 | Orc:1    | Found Menonnat's Antique Weapon Emporium.
 31801 | Orc:1    | Noticed Maurice
 31921 | Orc:1    | Killed Maurice
 32104 | Orc:1    | You fall through a shaft!
 32437 | Swamp:1  | Entered Level 1 of the Swamp
 32437 | Swamp:1  | Noticed a thorn hunter
 32445 | Swamp:1  | Killed a thorn hunter
 32564 | Swamp:1  | Noticed a thorn hunter
 32574 | Swamp:1  | Killed a thorn hunter
 32953 | Swamp:1  | Reached skill level 23 in Axes
 33120 | Swamp:1  | Noticed a thorn hunter
 33139 | Swamp:1  | Killed a thorn hunter
 33750 | Swamp:2  | Noticed Donald
 33760 | Swamp:2  | Killed Donald
 34800 | Swamp:3  | Reached skill level 10 in Shields
 35334 | Swamp:3  | Noticed a thorn hunter
 35342 | Swamp:3  | Killed a thorn hunter
 35430 | Swamp:4  | Entered Level 4 of the Swamp
 35430 | Swamp:4  | Noticed Jorgrun
 35437 | Swamp:4  | Killed Jorgrun
 35763 | Swamp:4  | Noticed Mara
 35792 | Swamp:4  | Noticed rockintein's illusion
 35813 | Swamp:4  | Noticed rockintein's illusion
 35825 | Swamp:4  | Slain by rockintein's illusion

Skill      XL: |  1  2  3  4  5  6  7  8  9 10 11 12 13 14 15 16 |
---------------+-------------------------------------------------+-----
Axes           | 4 5 6 8 10 11 12 13 15 17 18 20 21 22 23 | 23.5
Fighting       | 4 5 7 9 11 12 13 14 15 16 | 16.7
Armour         | 3 5 7 9 10 12 13 14 15 16 | 16.8
Shields        | 5 8 10 | 10.3
Dodging        | |  2.1

Action                   |  1- 3 |  4- 6 |  7- 9 | 10-12 | 13-15 | 16-18 || total
-------------------------+-------+-------+-------+-------+-------+-------++-------
Melee: Hand axe          |    58 |   149 |   258 |   687 |       |       ||  1152
       Headbutt          |     7 |    17 |    38 |   182 |   268 |   119 ||   631
       Mace              |       |       |       |    26 |    20 |       ||    46
       Battleaxe         |       |       |       |    59 |   630 |       ||   689
       Broad axe         |       |       |       |       |   429 |   479 ||   908
       Spear             |       |       |       |       |    13 |       ||    13
Invok: Trog's Hand       |       |     2 |     5 |    10 |    10 |    10 ||    37
       Berserk           |       |     2 |     4 |    13 |    11 |     4 ||    34
Evoke: Wand              |       |       |       |       |     1 |       ||     1
  Use: Scroll            |       |     7 |     6 |    18 |     9 |     5 ||    45
       Potion            |       |     4 |       |       |     4 |     2 ||    10
  Eat: Chunk             |     1 |     8 |    17 |    39 |    56 |    16 ||   137
       Fruit             |       |       |       |     1 |     3 |       ||     4
       Meat ration       |       |       |       |     1 |       |     1 ||     2
       Pizza             |       |       |       |     1 |       |       ||     1
       Bread ration      |       |       |       |       |     1 |       ||     1
       Beef jerky        |       |       |       |       |       |     2 ||     2
Armor: Animal skin       |     5 |     6 |       |       |       |       ||    11
       Chain mail        |       |    73 |    54 |       |       |       ||   127
       Scale mail        |       |       |    63 |    43 |       |       ||   106
       Plate armour      |       |       |       |   350 |   556 |   151 ||  1057
Dodge: Dodged            |    35 |    83 |    91 |   248 |   331 |    78 ||   866
Block: Large shield      |       |       |       |       |   136 |   432 ||   568
       Reflection        |       |       |       |       |     1 |       ||     1
